 Dungeon Crawl Stone Soup version 0.25.0-9-g26727b657a (webtiles) character file.

Game seed: 13059729811617014385

104 shadizar the Skirmisher (level 4, 0/29 HPs)
             Began as a Gargoyle Fire Elementalist on June 18, 2020.
             Was an Initiate of Okawaru.
             Slain by a phantom (7 damage)
             ... on level 4 of the Dungeon.
             The game lasted 00:06:47 (5031 turns).

shadizar the Skirmisher (GrFE)                      Turns: 5031, Time: 00:06:48

Health: 0/29       AC: 10    Str: 18    XL:     4   Next: 80%
Magic:  1/7        EV: 11    Int: 16    God:    Okawaru [......]
Gold:   148        SH:  0    Dex: 10    Spells: 6/7 levels left

rFire    . . .     SeeInvis .   q - +0 mace
rCold    . . .     Gourm    .   (no shield)
rNeg     + . .     Faith    .   h - +0 leather armour
rPois    ∞         Spirit   .   (no helmet)
rElec    +         Reflect  .   (no cloak)
rCorr    .         Harm     .   (no gloves)
MR       .....                  (no boots)
Stlth    ++........             (no amulet)
HPRegen  0.09/turn              d - +6 ring of strength
MPRegen  0.10/turn              m - +4 ring of protection

@: no status effects
A: negative energy resistance 1, electricity resistance, unbreathing,
petrification resistance, rot immunity, AC +3
a: Renounce Religion


You were on level 4 of the Dungeon.
You worshipped Okawaru.
Okawaru was noncommittal.
You were not hungry.

You visited 2 branches of the dungeon, and saw 5 of its levels.

You collected 148 gold pieces.

Inventory:

Hand Weapons
 q - a +0 mace (weapon)
Armour
 a - a +0 robe
 b - a +0 chain mail
 h - a +0 leather armour (worn)
Jewellery
 d - a +6 ring of strength (left hand)
 m - a +4 ring of protection (right hand)
 o - an uncursed amulet of the acrobat {unknown}
 v - an uncursed ring of stealth {unknown}
Scrolls
 e - 2 scrolls of remove curse {unknown}
 j - 4 scrolls of teleportation {unknown}
 l - a scroll of enchant armour {unknown}
 n - a scroll of amnesia {unknown}
 p - a scroll of fog {unknown}
 s - 2 scrolls of blinking {unknown}
 u - a scroll of identify {unknown}
Potions
 f - 2 potions of stabbing {unknown}
 k - a potion of curing {unknown}
 r - a potion of cancellation {unknown}
 t - a potion of flight {unknown}
Comestibles
 c - 13 rations


   Skills:
 + Level 3.7 Fighting
 + Level 1.5 Maces & Flails
 + Level 0.4 Armour
 - Level 1.5 Dodging
 - Level 2.1 Stealth
 + Level 2.1 Spellcasting
 + Level 1.2 Conjurations
 + Level 3.0 Fire Magic


You had 6 spell levels left.
You knew the following spells:

 Your Spells              Type           Power        Failure   Level  Hunger
a - Foxfire               Conj/Fire      #...         10%         1    #......

Your spell library contained the following spells:

 Spells                   Type           Power        Failure   Level  Hunger
 Conjure Flame            Conj/Fire      #.......     30%         3    ###....
 Inner Flame              Hex/Fire       #.......     36%         3    ###....
 Sticky Flame             Conj/Fire      #.......     69%         4    #####..
 Fireball                 Conj/Fire      #.........   95%         5    ######.


Dungeon Overview and Level Annotations

Branches:
Dungeon (4/15)             Temple (1/1) D:4

Altars:
Ashenzari
Dithmenos
Elyvilon
Gozag
Makhleb
Nemelex Xobeh
Okawaru
Qazlal
Ru
Sif Muna
Trog
Uskayaw
Vehumet
Xom
Yredelemnul
The Shining One


Innate Abilities, Weirdness & Mutations

You are resistant to torment.
Your stone body is resilient. (AC +3)
You are immune to poison.
You resist negative energy. (rN+)
You are resistant to electric shocks. (rElec)
You can survive without breathing.
You are immune to petrification.
You are immune to rotting.


Message History

The phantom is almost destroyed.
The phantom hits you.
* * * LOW HITPOINT WARNING * * *
The phantom blinks!
The phantom blinks!
The phantom blinks!
The phantom blinks!
Casting: Foxfire (safe; 10% risk of failure)
Confirm with . or Enter, or press ? or * to list all spells.
You conjure some foxfire!
The phantom blinks!
Your foxfire dissipates!
The foxfire hits the phantom.
The phantom is almost destroyed.
You closely miss the phantom.
The phantom is almost destroyed.
The phantom closely misses you.
You hit the phantom but do no damage.
The phantom is almost destroyed.
The phantom hits you!
You die...

............#P.P.#.##...##.#.+...
##############.##..##...##.###...
# ##P#...#P###............ #
####....>....##............ #
#####....P#...#P..#.#.##.#.#... #
#.........##.####.###....#.#### #
#.###..^...P.P.##.###.####.#### #
#######.#....##.#....)....... #
............@W.....####...... #
##......####.##.#..# #....<. #
#.##..............# #...... # #
#...####.####..####...... #
#.##..%# ####........##..... #
#.##.... .........##.##..... #
#.##..#. ..####.......#..... #
#.##.. .. #.####..#..... # #.##.#
.. #....#........


You could see a phantom.

Vanquished Creatures
  3 adders
  2 oozes
  2 worms (D:3)
  A dart slug (D:1)
  3 leopard geckos
  4 giant cockroaches
  6 goblins
  10 hobgoblins
  A quokka (D:4)
  3 ball pythons
  4 bats
  4 frilled lizards
  7 kobolds
  7 rats
57 creatures vanquished.

Vanquished Creatures (others)
  40 foxfires
40 creatures vanquished.

Grand Total: 97 creatures vanquished

Notes
Turn   | Place    | Note
-------+----------+-------------------------------------------
     0 | D:1      | shadizar the Gargoyle Fire Elementalist began the quest for
                  | the Orb.
     0 | D:1      | Reached XP level 1. HP: 10/10 MP: 3/3
   396 | D:1      | Reached skill level 1 in Fighting
   588 | D:1      | Reached XP level 2. HP: 17/17 MP: 5/5
  1256 | D:1      | Reached XP level 3. HP: 13/22 MP: 6/6
  2124 | D:2      | Reached skill level 1 in Maces & Flails
  2137 | D:2      | Reached XP level 4. HP: 28/28 MP: 7/7
  2175 | D:2      | Found a sparkling altar of Nemelex Xobeh.
  3453 | D:3      | Found a sacrificial altar of Ru.
  3543 | D:3      | Found a faded altar of an unknown god.
  3757 | D:3      | Found a glowing golden altar of the Shining One.
  3911 | D:4      | Found a hide-covered altar of Uskayaw.
  4304 | D:4      | Noticed a phantom
  4469 | D:4      | Found a staircase to the Ecumenical Temple.
  4476 | Temple   | Entered the Ecumenical Temple
  4915 | Temple   | Became a worshipper of Warmaster Okawaru
  5031 | D:4      | Slain by a phantom

Illustrated notes

Levels and vault maps discovered:
D:1:      saegor_arrival_simple_a, layout_basic
D:2:      layout_loops_ring, nemelex_xobeh_ov_fountains_minmay,
          guppyfry_early_lair_pool
D:3:      layout_loops_ring, lemuel_round_altar, lemuel_crystal_altar,
          chequers_ecumenical_altar_simple
D:4:      layout_basic, eat_drink_and_be_merry_uskayaw,
          minmay_temple_entry_gardened_gates
Temple:   minmay_temple_forest_path

Skill      XL: |  1  2  3 |
---------------+----------+-----
Fighting       | 1 2 3 |  3.7
Maces & Flails | 1 |  1.5
Armour         | |  0.4
Dodging        | |  1.5
Stealth        | |  2.1
Spellcasting   | |  2.1
Conjurations   | |  1.2
Fire Magic     | |  3.0

Action                   |  1- 3 |  4- 6 || total
-------------------------+-------+-------++-------
Melee: Hand axe          |    48 |       ||    48
       Unarmed           |     4 |       ||     4
       Club              |    79 |    82 ||   161
       Mace              |       |    45 ||    45
 Cast: Foxfire           |     9 |    20 ||    29
 Stab: Sleeping          |     1 |     1 ||     2
  Eat: Chunk             |     4 |     7 ||    11
       Ration            |       |     1 ||     1
Armor: Leather armour    |    64 |    52 ||   116
       Robe              |     5 |       ||     5
Dodge: Dodged            |    96 |    79 ||   175
